 Dungeon Crawl Stone Soup version 0.25.1-2-g60ff931df9 (webtiles) character file.

Game seed: 15340916809397531526

590151 Johnny the Metallomancer (level 24, -38/200 HPs)
             Began as a Demigod Earth Elementalist on Oct 11, 2020.
             Killed from afar by a Brimstone Fiend (58 damage)
             ... with damnation
             ... on level 5 of the Depths.
             The game lasted 02:12:36 (69241 turns).

Johnny the Metallomancer (DgEE)                    Turns: 69241, Time: 02:12:37

Health: -38/200    AC: 16    Str: 11    XL:     24   Next: 93%
Magic:  8/54       EV: 23    Int: 51    God:
Gold:   1335       SH: 18    Dex: 22    Spells: 17/63 levels left

rFire    + . .     SeeInvis +   K - staff of earth
rCold    + + .     Gourm    .   l - +5 kite shield {AC+3}
rNeg     + . .     Faith    .   B - +2 robe {Archmagi}
rPois    .         Spirit   .   s - +2 helmet "Dahy" {rF+ MR++ Dex-4}
rElec    +         Reflect  .   C - +1 cloak of Pandemonium {Harm rN+ Int+4}
rCorr    .         Harm     +   F - +2 pair of gloves {Dex+3}
MR       ++++.                  b - +0 pair of boots of Generosity {Dex+7}
Stlth    ++........             Q - amulet of the Briny Deep {RegenMP rElec rF+}
HPRegen  0.43/turn              V - ring of Conversion {+Fly rF- rC++ Int+6 SInv}
MPRegen  0.59/turn              g - +6 ring of intelligence

@: no status effects
A: high mp 1, subdued magic 1
}: 3/15 runes: decaying, silver, gossamer
a: Evoke Flight


You were on level 5 of the Depths.
You were not hungry.

You visited 9 branches of the dungeon, and saw 45 of its levels.
You also visited: Trove, Ice Cave, Volcano and Wizlab.

You collected 6921 gold pieces.
You spent 5586 gold pieces at shops.

Inventory:

Hand Weapons
 Y - the +6 Majin-Bo {vamp, Archmagi MP+6 Int+6}
   (You took it off a Hellbinder in a wizard's laboratory)

   It inflicts no extra harm, but heals its wielder when it wounds a living foe.
   It affects your intelligence (+6).
   It affects your magic capacity (+6).
Missiles
 m - 784 stones (quivered)
Armour
 b - the +0 pair of boots of Generosity (worn) {Dex+7}
   (You found it in a volcano)

   It affects your dexterity (+7).
 l - a +5 kite shield of protection (worn)
 s - the +2 helmet "Dahy" (worn) {rF+ MR++ Dex-4}
   (You found it on level 2 of the Swamp)

   It affects your dexterity (-4).
   It protects you from fire.
   It affects your resistance to hostile enchantments.
 B - a +2 robe of the Archmagi (worn)
 C - the +1 cloak of Pandemonium (worn) {Harm rN+ Int+4}
   (You acquired it on level 5 of the Vaults)

   It affects your intelligence (+4).
   It protects you from negative energy.
   It increases damage dealt and taken.
 F - a +2 pair of gloves of dexterity (worn)
Magical Staves
 K - an uncursed staff of earth (weapon)
Jewellery
 g - a +6 ring of intelligence (right hand)
 A - the amulet "Buqugre" {Regen+ MP+9}
   (You took it off a deep elf demonologist on level 3 of the Elven Halls)

   [amulet of regeneration]

   It affects your magic capacity (+9).
   It increases your rate of regeneration.
 G - the ring "Reypayng" {*Slow rF+ Str+4 Stlth-}
   (You took it off a tengu conjurer on level 3 of the Depths)

   [ring of attention]

   It affects your strength (+4).
   It protects you from fire.
   It may slow you when you take damage.
   It makes you less stealthy.
 M - the ring "Biododo" {+Inv rPois rN+}
   (You took it off a hell knight on level 4 of the Depths)

   [ring of poison resistance]

   It protects you from poison.
   It protects you from negative energy.
   It lets you turn invisible.
 Q - the amulet of the Briny Deep (around neck) {RegenMP rElec rF+}
   (You took it off a deep elf high priest on level 3 of the Elven Halls)

   [amulet of magic regeneration]

   It increases your magic regeneration.
   It protects you from fire.
   It insulates you from electricity.
 V - the ring of Conversion (left hand) {+Fly rF- rC++ Int+6 SInv}
   (You acquired it on level 3 of the Lair of Beasts)

   [ring of intelligence]

   It affects your intelligence (+6).
   It makes you vulnerable to fire.
   It greatly protects you from cold.
   It lets you see invisible.
   It lets you fly.
Wands
 L - a wand of acid (21)
 W - a wand of digging (26)
 X - a wand of clouds (13)
Scrolls
 a - 4 scrolls of blinking
 e - 23 scrolls of teleportation
 f - 6 scrolls of immolation
 i - a scroll of silence
 k - 5 scrolls of identify
 o - 15 scrolls of remove curse
 q - 5 scrolls of magic mapping
 u - 9 scrolls of fear
 y - a scroll of vulnerability
 D - a scroll of enchant armour
 N - 2 scrolls of summoning
 P - 3 scrolls of holy word
 U - 5 scrolls of fog
Potions
 c - 5 potions of ambrosia
 h - 7 potions of haste
 j - a potion of flight
 n - 8 potions of lignification
 r - 4 potions of cancellation
 v - 6 potions of resistance
 w - 3 potions of berserk rage
 x - 7 potions of brilliance
 z - 7 potions of might
 E - 24 potions of curing
 H - 4 potions of magic
 R - 4 potions of invisibility
 S - 10 potions of mutation
 Z - 3 potions of heal wounds
Miscellaneous
 p - a phial of floods
 t - 4 boxes of beasts
 J - 4 phantom mirrors
 O - a lightning rod (4/4)
Comestibles
 d - 55 rations


   Skills:
 + Level 13.1 Fighting
 - Level 12.0 Dodging
 - Level 1.7 Stealth
 * Level 14.2 Shields
 + Level 20.2 Spellcasting
 - Level 16.3 Translocations
 - Level 0.8 Transmutations
 - Level 24.0 Earth Magic


You had 17 spell levels left.
You knew the following spells:

 Your Spells              Type           Power        Failure   Level  Hunger
a - Sandblast             Erth           ######       0%          1    None
b - Stone Arrow           Conj/Erth      ######       0%          3    None
c - Lee's Rapid Deconstr  Erth           #########.   0%          5    None
d - Petrify               Tmut/Erth      ########     0%          4    None
e - Blink                 Tloc           N/A          0%          2    None
f - Iron Shot             Conj/Erth      ########..   1%          6    None
g - Shatter               Erth           #########.   1%          9    None
h - Apportation           Tloc           ######       0%          1    None
i - Sublimation of Blood  Necr           ######....   1%          2    None
j - Shroud of Golubria    Chrm/Tloc      ######       0%          2    None
k - Mephitic Cloud        Conj/Pois/Air  ######..     1%          3    None
r - Controlled Blink      Tloc           N/A          1%          8    None

Your spell library contained the following spells:

 Spells                   Type           Power        Failure   Level  Hunger
 Passwall                 Tmut/Erth      ########     0%          2    None
 Gell's Gravitas          Tloc           ########..   0%          3    None
 Lesser Beckoning         Tloc           ########..   0%          3    None
 Portal Projectile        Hex/Tloc       ######       0%          3    None
 Recall                   Summ/Tloc      N/A          0%          3    None
 Teleport Other           Tloc           ########     0%          3    None
 Leda's Liquefaction      Hex/Erth       ########..   0%          4    None
 Passage of Golubria      Tloc           N/A          0%          4    None
 Animate Skeleton         Necr           N/A          1%          1    None
 Corona                   Hex            ######.      1%          1    None
 Foxfire                  Conj/Fire      ####         1%          1    None
 Freeze                   Ice            ####         1%          1    None
 Infusion                 Chrm           ####         1%          1    None
 Magic Dart               Conj           ####         1%          1    None
 Sting                    Tmut/Pois      ####         1%          1    None
 Summon Butterflies       Summ           ######..     1%          1    None
 Summon Small Mammal      Summ           ####         1%          1    None
 Call Imp                 Summ           ######..     1%          2    None
 Corpse Rot               Necr/Air       N/A          1%          2    None
 Ensorcelled Hibernation  Hex/Ice        ######       1%          2    None
 Poisonous Vapours        Pois/Air       ######       1%          2    None
 Searing Ray              Conj           ######       1%          2    None
 Slow                     Hex            ######..     1%          2    None
 Song of Slaying          Chrm           ######..     1%          2    None
 Swiftness                Chrm/Air       ######..     1%          2    None
 Call Canine Familiar     Summ           ######..     1%          3    None
 Confusing Touch          Hex            ######..     1%          3    None
 Conjure Flame            Conj/Fire      ######..     1%          3    None
 Dazzling Flash           Conj/Hex       ######       1%          3    None
 Frozen Ramparts          Ice            ######       1%          3    None
 Ignite Poison            Fire/Tmut/Pois ######..     1%          3    None
 Inner Flame              Hex/Fire       ######..     1%          3    None
 Ozocubu's Armour         Chrm/Ice       ######..     1%          3    None
 Spectral Weapon          Hex/Chrm       ######..     1%          3    None
 Static Discharge         Conj/Air       ######..     1%          3    None
 Summon Guardian Golem    Hex/Summ       ######..     1%          3    None
 Tukima's Dance           Hex            ######..     1%          3    None
 Ice Form                 Ice/Tmut       ######..     1%          4    None
 Iskenderun's Mystic Bla  Conj/Tloc      ########     1%          4    None
 Bolt of Magma            Conj/Fire/Erth ########..   1%          5    None
 Summon Forest            Summ/Tloc      ########..   1%          5    None
 Dispersal                Tloc           ########..   1%          6    None
 Statue Form              Tmut/Erth      ########.    1%          6    None
 Disjunction              Tloc           ########..   1%          8    None
 Dispel Undead            Necr           ######..     2%          4    None
 Fulminant Prism          Conj/Hex       ######....   2%          4    None
 Hailstorm                Conj/Ice       ######..     2%          4    None
 Sticky Flame             Conj/Fire      ######..     2%          4    None
 Summon Ice Beast         Ice/Summ       ######..     2%          4    None
 Summon Lightning Spire   Summ/Air       ######..     2%          4    None
 Alistair's Intoxication  Tmut/Pois      ######..     6%          5    None
 Irradiate                Conj/Tmut      ######....   6%          5    None
 Agony                    Necr           ######..     7%          5    None
 Aura of Abjuration       Summ           ######....   7%          5    None
 Excruciating Wounds      Chrm/Necr      ######....   7%          5    None
 Fireball                 Conj/Fire      ######....   7%          5    None
 Lightning Bolt           Conj/Air       ######....   7%          5    None
 Silence                  Hex/Air        ######....   7%          5    None
 Summon Demon             Summ           ######....   7%          5    None
 Summon Mana Viper        Hex/Summ       ######..     7%          5    None
 Malign Gateway           Summ/Tloc      ########..   8%          7    None
 Hydra Form               Tmut           ######....   30%         6    None
 Eringya's Noxious Bog    Tmut/Pois      ######....   34%         6    None
 Conjure Ball Lightning   Conj/Air       ######....   41%         6    None
 Darkness                 Hex            ######....   41%         6    None
 Freezing Cloud           Conj/Ice/Air   ######....   41%         6    None
 Invisibility             Hex            ######..     41%         6    None
 Shadow Creatures         Summ           N/A          41%         6    None
 Dragon Form              Tmut           ######....   86%         7    None
 Haunt                    Necr/Summ      ######....   94%         7    None
 Spellforged Servitor     Conj/Summ      ######....   94%         7    None
 Summon Hydra             Summ           ######....   94%         7    None
 Borgnjor's Revivificati  Necr           ######....   100%        8    None
 Death's Door             Chrm/Necr      ######....   100%        8    None
 Ignition                 Fire           ######....   100%        8    None
 Infestation              Necr           ######....   100%        8    None
 Necromutation            Tmut/Necr      ######....   100%        8    None
 Dragon's Call            Summ           ######....   100%        9    None
 Tornado                  Air            ######....   100%        9    None


Dungeon Overview and Level Annotations

Branches:
Dungeon (15/15)            Temple (0/1) D:7            Lair (6/6) D:11
  Swamp (4/4) Lair:2       Spider (4/4) Lair:3        Slime (0/5) Lair:5
    Orc (2/2) D:9             Elf (3/3) Orc:2        Vaults (5/5) D:14
  Crypt (0/3) Vaults:2     Depths (5/5) D:15           Hell (visited)
  IceCv (visited)         Volcano (visited)          WizLab (visited)
    Dis: Hell:1         Geh: Hell:1         Coc: Hell:1         Tar: Hell:1
    Zot: Depths:5

Shops:
D:8 }   D:14 *%(   Orc:2 [*(=   Vaults:5 (   Depths:1 =*%*}

Portals:
Hell: Depths:1 Depths:2 Depths:3 Depths:4
Abyss: Depths:3 Depths:4
Pandemonium: Depths:3 Depths:4
Ziggurat: Depths:2

Annotations:
Swamp:1 2 transporters
Orc:2 1 runed translucent door


Innate Abilities, Weirdness & Mutations

You have an increased reservoir of magic. (+10% MP)
Your spells are a little easier to cast, but a little less powerful.


Message History

Confirm with . or Enter, or press ? or * to list all spells.
You feel a strong surge of power!
The dungeon rumbles!
You kill the blizzard demon!
You kill the Ice Fiend!
The Brimstone Fiend is heavily wounded.
You kill the crimson imp!
You kill the white imp!
Ka-crash!
You hear a shout! x4; You hear a chilling moan.
A crimson imp comes into view.
The Brimstone Fiend gestures at you.
The sphere of damnation explodes!
The damnation engulfs you!!
* * * LOW HITPOINT WARNING * * *
A white imp comes into view.
A crimson imp comes into view.
A hellion comes into view.
A balrug comes into view.
It is wielding the +11 long sword of Gozag's Benevolence {pain, Dex+8}.
A blizzard demon comes into view.
You hear a shout! x2
Found the amulet of the Air {Inacc +Fly rElec EV+5 RMsl}.
The Brimstone Fiend gestures at you.
The sphere of damnation explodes!
The damnation engulfs you!!!
You die...

.....#........ .
.................
.............(..
......†.......#
.......[......##.
...#......)......
..........[.[....
.................
.......@...###..#
......(......# #
...............
................
................
....)...........
.2##5#..2..1...
2. 5|###...2.5#


You could see a Brimstone Fiend, a balrug, 2 blizzard demons, a hellion, 2
crimson imps and a white imp.

Vanquished Creatures
  Mennas (Depths:3)
  Boris (Vaults:5)
  Frederick (Vaults:3)
  Geryon (Hell)
  A caustic shrike (Depths:3)
  4 golden dragons
  A Hellbinder (WizLab)
  Jory (Depths:2)
  5 tentacled monstrosities
  An Ice Fiend (Depths:5)
  5 titans
  Asterion (Depths:1)
  2 liches
  4 deep elf master archers (Elf:3)
  2 quicksilver dragons
  3 deep elf blademasters
  Frances (Spider:1)
  A sphinx (Vaults:5)
  A thorn hunter (Swamp:4)
  2 ancient champions (Hell)
  12 tengu reavers
  3 shadow dragons (Vaults:5)
  Kirke (D:14)
  A storm dragon (shapeshifter) (Vaults:4)
  8 storm dragons
  Donald (Elf:1)
  14 fire giants
  2 orc warlords
  Aizul (Spider:3)
  4 emperor scorpions
  An iron dragon (Vaults:5)
  6 frost giants
  Louise (Spider:1)
  4 ghost moths
  A black sun (WizLab)
  17 vault wardens
  13 deep elf sorcerers
  A balrug (Depths:3)
  8 deep elf elementalists
  16 ironheart preservers
  4 war gargoyles (Vaults:5)
  2 spriggan defenders
  19 stone giants
  Nessos (D:14)
  3 reapers (Hell)
  9 deep elf demonologists
  2 lorocyprocas
  32 very ugly things
  8 entropy weavers
  4 vampire knights (Depths:2)
  9 deep elf annihilators
  2 dire elephants (Lair:6)
  The ghost of Gulog the Cleaver, a journeyman DsGl of Okawaru (Lair:6)
  A white draconian (Depths:5)
  8 spark wasps
  A black draconian (Depths:5)
  9 ettins
  3 blizzard demons
  13 deep elf death magi
  A merfolk impaler (Depths:2)
  A merfolk javelineer (Depths:2)
  9 fire dragons
  19 yaktaur captains
  7 deep elf high priests
  5 rakshasas
  12 great orbs of eyes
  31 vault guards
  30 hydras
  8 ice dragons
  A ghost crab (Swamp:4)
  3 spriggan air magi
  2 death knights (Vaults:2)
  17 ogre magi
  2 catoblepae (Lair:6)
  11 centaur warriors
  8 alligators
  63 two-headed ogres
  4 shambling mangroves
  3 deep troll shamans
  25 dancing weapons
  7 deep troll earth magi
  2 spriggan berserkers
  6 death yaks (Lair:6)
  2 soul eaters
  5 tengu warriors
  An orc high priest (Elf:1)
  11 hell knights
  26 deep elf knights
  3 sun demons
  A titan skeleton (Hell)
  A fire crab (Lair:6)
  17 skeletal warriors (Hell)
  9 flayed ghosts
  9 shadow wraiths
  2 fire crabs (shapeshifter)
  6 iron trolls
  2 sixfirhies
  A spectral catoblepas (Lair:6)
  4 orange crystal statues (Orc:2)
  An anaconda zombie (Hell)
  The ghost of Elkerch the Quickloader, a novice CeAM of Okawaru (D:8)
  6 wizards
  2 spriggan druids (Swamp:2)
  17 deep trolls
  A swamp dragon (shapeshifter) (Depths:2)
  3 unseen horrors
  7 glowing orange brains
  9 swamp dragons
  A lindwurm (shapeshifter) (Vaults:5)
  6 phantasmal warriors
  A glowing orange brain (shapeshifter) (Vaults:5)
  12 ironbrand convokers
  11 deep elf archers
  A harpy (Vaults:2)
  41 deep elf magi
  3 lindwurms (Lair:6)
  A wolf spider zombie (D:15)
  17 orb spiders
  A spectral hydra (Lair:6)
  12 cyclopes
  28 wolf spiders
  2 necromancers
  14 orc knights
  70 ugly things
  2 orc sorcerers
  A wolf spider (shapeshifter) (Vaults:5)
  A manticore (shapeshifter) (Vaults:5)
  A human zombie (Vaults:2)
  A salamander (D:15)
  19 vault sentinels
  3 manticores
  A stone giant skeleton (Vaults:2)
  6 black mambas
  A moth of wrath (Spider:2)
  2 elephants (Lair:6)
  2 smoke demons (WizLab)
  2 ice statues
  6 torpor snails
  A shock serpent zombie (Hell)
  A torpor snail (shapeshifter) (Vaults:5)
  Psyche (D:8)
  7 centaur zombies
  24 spiny frogs
  5 gargoyles
  An orange demon (WizLab)
  5 spectral swamp worms (Depths:4)
  5 hellions
  3 rime drakes
  2 tormentors (WizLab)
  A spiny frog (shapeshifter) (Vaults:5)
  A kobold demonologist (D:11)
  A komodo dragon (shapeshifter) (Vaults:5)
  9 komodo dragons
  2 freezing wraiths
  3 hellwings (WizLab)
  60 yaktaurs
  3 red devils
  6 ice devils
  3 tengu conjurers
  9 trolls
  A wind drake (shapeshifter) (Vaults:2)
  A merfolk (D:15)
  19 demonic crawlers
  A hornet (shapeshifter) (Vaults:5)
  A meliai (shapeshifter) (Depths:1)
  A merfolk (shapeshifter) (Vaults:3)
  24 jumping spiders
  16 polar bears (IceCv)
  13 bog bodies
  24 hornets
  24 slime creatures
  17 tyrant leeches
  A spectral dream sheep (Lair:6)
  3 dream sheep
  Prince Ribbit (D:7)
  15 hippogriffs
  14 blink frogs
  A dream sheep (shapeshifter) (D:15)
  A spectral black mamba (Lair:6)
  2 fire giant simulacra
  A stone giant simulacrum (Vaults:2)
  A meliai zombie (D:12)
  An air elemental (Elf:3)
  The ghost of diiiiiane the Magician, an amateur DEFE (D:7)
  4 vampires
  3 spriggans
  19 water elementals
  13 shadows
  32 tarantellas
  A tarantella (shapeshifter) (Vaults:2)
  74 redbacks
  6 wyverns
  A ynoxinul (WizLab)
  4 wraiths
  4 hogs
  16 humans (D:14)
  59 yaks
  A spectral komodo dragon (Lair:6)
  3 basilisks
  4 fire elementals
  A hungry ghost (D:15)
  A fire bat (D:5)
  18 vampire mosquitoes
  3 chaos spawn
  4 neqoxecs (WizLab)
  5 wargs
  18 insubstantial wisps
  15 swamp worms
  A hydra simulacrum (Lair:6)
  Menkaure (D:6)
  A floating eye (shapeshifter) (Vaults:5)
  3 porcupines
  15 swamp drakes
  11 water moccasins
  30 orc warriors
  4 ice beasts
  5 sky beasts
  A snapping turtle zombie (Hell)
  An eye of draining (D:10)
  3 phantoms
  2 black bears
  3 necrophages (D:10)
  43 ogres
  14 boggarts
  21 wolves
  16 crocodiles
  18 centaurs
  4 big kobolds
  7 bullfrogs
  7 earth elementals
  A spiny frog simulacrum (Lair:6)
  2 wyvern skeletons
  7 scorpions
  51 killer bees
  20 wights
  6 howler monkeys
  7 electric eels
  12 crimson imps
  2 bullfrog zombies (D:12)
  A quasit (D:8)
  6 jellies
  6 centaur skeletons
  11 hounds
  18 orc priests
  2 iguanas
  19 orc wizards
  A statue (D:7)
  8 worker ants
  A mummy (D:10)
  3 worker ant zombies (D:10)
  13 adders
  A gnoll (D:5)
  A river rat (D:8)
  8 shadow imps
  4 white imps (Depths:5)
  An ooze (D:7)
  An adder zombie (D:6)
  An adder skeleton (D:5)
  6 worms
  3 dart slugs
  3 leopard geckos
  83 orcs
  7 giant cockroaches
  10 goblins
  7 hobgoblins
  16 jackals
  20 kobolds
  8 quokkas
  3 ball pythons
  4 bats
  6 frilled lizards
  A quokka skeleton (D:7)
  A quokka zombie (D:10)
  7 rats
  21 briar patches (Swamp:4)
  2 crawling corpses (Vaults:5)
  21 plants
2278 creatures vanquished.

Vanquished Creatures (collateral kills)
  A shadow dragon (Vaults:4)
1 creature vanquished.

Vanquished Creatures (others)
  Nikola (Swamp:3)
  A hornet (Swamp:4)
  A bog body (Swamp:1)
  A wolf (IceCv)
  An orc (D:11)
  A briar patch (Swamp:4)
  7 plants
  4 withered plants (D:10)
17 creatures vanquished.

Grand Total: 2296 creatures vanquished

Notes
Turn   | Place    | Note
-------+----------+-------------------------------------------
     0 | D:1      | Johnny the Demigod Earth Elementalist began the quest for
                  | the Orb.
     0 | D:1      | Reached XP level 1. HP: 14/14 MP: 5/5
   115 | D:1      | Reached skill level 3 in Earth Magic
   220 | D:1      | Reached XP level 2. HP: 20/20 MP: 4/7
  1344 | D:2      | Reached XP level 3. HP: 24/26 MP: 7/9
  1676 | D:2      | Learned a level 3 spell: Stone Arrow
  1979 | D:2      | Reached skill level 4 in Earth Magic
  2416 | D:2      | Reached XP level 4. HP: 31/33 MP: 8/10
  2500 | D:2      | Found a blossoming altar of Fedhas.
  3374 | D:3      | Found a hide-covered altar of Uskayaw.
  3523 | D:4      | Reached XP level 5. HP: 31/38 MP: 12/12
  3647 | D:4      | Reached skill level 5 in Earth Magic
  3662 | D:4      | HP: 2/57 [poisoned by a worker ant]
  4163 | D:5      | Entered Level 5 of the Dungeon
  4178 | D:5      | Noticed an ogre
  4187 | D:5      | Reached XP level 6. HP: 44/45 MP: 6/14
  4396 | D:5      | Reached skill level 6 in Earth Magic
  4437 | D:5      | Noticed a fire bat
  4437 | D:5      | a centaur changed into a fire bat
  4444 | D:5      | Killed a fire bat
  4529 | D:5      | Reached XP level 7. HP: 50/50 MP: 14/16
  4582 | D:5      | Found a shattered altar of Ashenzari.
  4662 | D:5      | Found a snail-covered altar of Cheibriados.
  5013 | D:5      | Reached skill level 7 in Earth Magic
  5020 | D:5      | Learned a level 5 spell: Lee's Rapid Deconstruction
  5425 | D:6      | Reached skill level 1 in Shields
  5616 | D:6      | Found an iron altar of Okawaru.
  5616 | D:6      | Found a hazy altar of Hepliaklqana.
  5836 | D:6      | Noticed Menkaure
  5848 | D:6      | Killed Menkaure
  6122 | D:7      | Found a radiant altar of Vehumet.
  6168 | D:7      | Reached XP level 8. HP: 57/57 MP: 15/18
  6186 | D:7      | Reached skill level 5 in Spellcasting
  6198 | D:7      | Reached skill level 8 in Earth Magic
  6484 | D:7      | Noticed diiiiiane's ghost (amateur DEFE)
  6485 | D:7      | Found a transporter.
  6645 | D:7      | Noticed Prince Ribbit
  6665 | D:7      | Killed Prince Ribbit
  6665 | D:7      | Reached skill level 5 in Dodging
  6825 | D:7      | Found a staircase to the Ecumenical Temple.
  6871 | D:7      | Found a transporter.
  7079 | D:8      | Reached XP level 9. HP: 62/62 MP: 8/21
  7233 | D:8      | Found a runed translucent door.
  7233 | D:8      | Noticed Elkerch's ghost (novice CeAM)
  7248 | D:8      | Noticed Psyche
  7256 | D:8      | Killed Psyche
  7256 | D:8      | Reached skill level 9 in Earth Magic
  7428 | D:8      | Found Ubbifec's Gadget Shoppe.
  7438 | D:8      | Found a glowing golden altar of the Shining One.
  7605 | D:8      | Found a basalt altar of Yredelemnul.
  7607 | D:8      | Noticed a profane servitor
  7808 | D:8      | Noticed a two-headed ogre
  7813 | D:8      | Killed a two-headed ogre
  8214 | D:8      | Found a bloodstained altar of Trog.
  8215 | D:8      | Found an opulent altar of Gozag.
  8320 | D:8      | Noticed an angel
  8610 | D:9      | Found a staircase to the Orcish Mines.
  8634 | D:9      | Found a stormy altar of Qazlal.
  8683 | D:9      | Noticed an ice statue
  8688 | D:9      | Killed an ice statue
  8688 | D:9      | Reached skill level 10 in Earth Magic
  8766 | D:9      | Reached XP level 10. HP: 69/69 MP: 6/23
  8766 | D:9      | Noticed Maggie
  8767 | D:9      | Noticed Maggie
  8767 | D:9      | Maggie changed into Maggie the black bear
  8791 | D:9      | Killed Maggie the black bear
  8791 | D:9      | Reached skill level 5 in Shields
  8978 | D:9      | Got a fading chain mail
  9046 | D:9      | Identified the cursed +1 scale mail "Paungos" {Int+4}
  9244 | D:9      | Noticed a cyclops
  9320 | D:9      | Killed a cyclops
  9433 | D:9      | Learned a level 4 spell: Petrify
  9870 | D:9      | Found a shimmering altar of Xom.
 10040 | D:9      | Identified the +0 chain mail "Ovitoudghum" {rN+ rCorr
                  | Dex+2} (You found it on level 9 of the Dungeon)
 10168 | D:7      | Killed diiiiiane's ghost
 10182 | D:7      | Learned a level 2 spell: Blink
 10186 | D:7      | Learned a level 3 spell: Mephitic Cloud
 10318 | D:8      | Killed Elkerch's ghost
 10469 | D:10     | Entered Level 10 of the Dungeon
 10470 | D:10     | Noticed Urug
 10622 | D:10     | Reached skill level 11 in Earth Magic
 10834 | D:10     | Noticed a two-headed ogre
 10839 | D:10     | Killed a two-headed ogre
 11020 | D:10     | Noticed Urug
 11020 | D:10     | Urug changed into Urug the cyclops
 11056 | D:10     | Killed Urug the cyclops
 11056 | D:10     | Reached XP level 11. HP: 46/74 MP: 10/26
 11797 | D:10     | Killed an unseen horror
 12032 | D:10     | Reached skill level 10 in Dodging
 12119 | D:10     | Got a slimy ring mail
 12131 | D:10     | Identified the +4 ring mail of Sorcery {+Blink} (You found
                  | it on level 10 of the Dungeon)
 12324 | D:11     | Reached skill level 12 in Earth Magic
 12939 | D:11     | Noticed a sun demon
 13467 | D:11     | Found a portal to a secret trove of treasure.
 13566 | D:11     | Found a staircase to the Lair.
 14019 | D:12     | Noticed a seven-headed hydra
 14024 | D:12     | Killed a seven-headed hydra
 14113 | D:12     | Killed an unseen horror
 14113 | D:12     | Reached skill level 13 in Earth Magic
 14113 | D:12     | Reached XP level 12. HP: 81/81 MP: 27/29
 15180 | D:13     | Found a frozen archway.
 15189 | IceCv    | Entered an ice cave
 15683 | IceCv    | Reached skill level 14 in Earth Magic
 16660 | IceCv    | Noticed a frost giant
 16665 | IceCv    | Killed a frost giant
 16665 | IceCv    | Reached skill level 10 in Spellcasting
 16665 | IceCv    | Reached XP level 13. HP: 34/86 MP: 20/31
 18052 | D:14     | Found a gate to the Vaults.
 18052 | D:14     | Noticed Nessos
 18064 | D:14     | Reached skill level 15 in Earth Magic
 18066 | D:14     | Killed Nessos
 18077 | D:14     | Noticed Kirke
 18094 | D:15     | Entered Level 15 of the Dungeon
 19050 | D:15     | Identified the Disquisition on Poison and Clay
 19317 | D:15     | Found a staircase to the Depths.
 19597 | D:15     | Reached skill level 16 in Earth Magic
 20548 | D:14     | Reached XP level 14. HP: 93/93 MP: 34/34
 20617 | D:14     | Killed Kirke
 21382 | D:14     | Found Idewn's Antique Weapon Emporium.
 21446 | D:14     | Found Qixtam's General Store.
 21454 | D:14     | Bought a scroll of blinking for 105 gold pieces
 21454 | D:14     | Bought a scroll of identify for 28 gold pieces
 21454 | D:14     | Bought a scroll of teleportation for 42 gold pieces
 21471 | D:14     | Found Nirr's Food Shoppe.
 21583 | D:14     | Found Gykhasch's Weapon Shop.
 21584 | D:14     | Found an opulent altar of Gozag.
 22127 | Orc:1    | Entered Level 1 of the Orcish Mines
 22311 | Orc:2    | Entered Level 2 of the Orcish Mines
 22412 | Orc:2    | Found a runed translucent door.
 22419 | Orc:2    | Found the +10 tower shield of Ignorance {rN+ Int-4}
 22424 | Orc:2    | Reached skill level 17 in Earth Magic
 23115 | Orc:2    | Found a staircase to the Elven Halls.
 23632 | Orc:2    | Found a runed translucent door.
 23699 | Orc:2    | Found Afosm's General Store.
 23705 | Orc:2    | Found Riguw's Antique Armour Shoppe.
 23706 | Orc:2    | Found Siqaeh's Antique Weapon Shop.
 24232 | Orc:2    | Bought an embroidered hat for 217 gold pieces
 24254 | Orc:2    | Bought 10 stones for 14 gold pieces
 24254 | Orc:2    | Bought a scroll of enchant armour for 105 gold pieces
 24254 | Orc:2    | Bought a scroll of teleportation for 42 gold pieces
 24254 | Orc:2    | Bought a potion of lignification for 42 gold pieces
 24254 | Orc:2    | Bought a scroll of summoning for 133 gold pieces
 24256 | Orc:2    | Found Ofeug's Jewellery Emporium.
 24265 | Orc:2    | Bought the amulet of Puenughi {RegenMP Dex+3} for 562 gold
                  | pieces
 24677 | Orc:1    | Noticed an orc warlord
 24788 | Orc:2    | Killed an orc warlord
 25287 | Lair:1   | Entered Level 1 of the Lair of Beasts
 25634 | Lair:1   | Reached skill level 18 in Earth Magic
 25993 | Lair:1   | You fall into a shaft and drop 1 floor!
 26099 | Lair:2   | Reached XP level 15. HP: 66/99 MP: 24/36
 26163 | Lair:2   | Noticed Sonja
 26166 | Lair:2   | Noticed Sonja
 26166 | Lair:2   | Sonja changed into Sonja the hog
 26170 | Lair:2   | Killed Sonja the hog
 26911 | Lair:2   | Found a staircase to the Swamp.
 28152 | Lair:3   | Found a hole to the Spider Nest.
 28705 | Lair:3   | Got a polished scale mail
 28706 | Lair:3   | Identified 3 scrolls of acquirement
 28717 | Lair:3   | Identified the cursed +0 scale mail of Bevve {MP+9} (You
                  | found it on level 3 of the Lair of Beasts)
 28731 | Lair:3   | Acquired the Reference Book on Earthen Fire
 28746 | Lair:3   | Learned a level 9 spell: Shatter
 28746 | Lair:3   | Acquired 6 rations
 28750 | Lair:3   | Acquired the ring of Conversion {+Fly rF- rC++ Int+6 SInv}
 28817 | Lair:4   | Found a dark tunnel.
 28833 | Volcano  | Entered a volcano
 29096 | Volcano  | Got a pair of transparent boots
 29102 | Volcano  | Identified the cursed +0 pair of boots of Generosity
                  | {Dex+7} (You found it in a volcano)
 29773 | Lair:4   | Got a warped gossamer ring
 29777 | Lair:4   | Identified the ring "Xaux" {rElec Str+8 Dex-4 Stlth-} (You
                  | found it on level 4 of the Lair of Beasts)
 30156 | Lair:5   | Found a staircase to the Slime Pits.
 31137 | Lair:6   | Entered Level 6 of the Lair of Beasts
 31431 | Lair:6   | Found a runed translucent gate.
 31431 | Lair:6   | Found a runed translucent gate.
 31431 | Lair:6   | Found a runed translucent gate.
 31514 | Lair:6   | Noticed Gulog's ghost (journeyman DsGl)
 31519 | Lair:6   | Reached skill level 19 in Earth Magic
 31522 | Lair:6   | Killed Gulog's ghost
 32499 | Lair:6   | Found a runed translucent door.
 32605 | Lair:6   | Acquired a book of the Warp
 32619 | Lair:6   | Learned a level 8 spell: Controlled Blink
 33394 | Orc:2    | Reached XP level 16. HP: 105/105 MP: 2/38
 33493 | Elf:1    | Entered Level 1 of the Elven Halls
 33589 | Elf:1    | Got a shimmering robe
 33610 | Elf:1    | Identified the +1 robe of Cade {Str+2} (You found it on
                  | level 1 of the Elven Halls)
 33789 | Elf:1    | Noticed Donald
 33793 | Elf:1    | Killed Donald
 34555 | Elf:1    | Reached skill level 20 in Earth Magic
 35084 | Elf:2    | Found a radiant altar of Vehumet.
 35585 | Elf:2    | Found a runed translucent gate.
 35585 | Elf:2    | Found a runed translucent gate.
 35585 | Elf:2    | Found a runed translucent gate.
 35704 | Elf:2    | Noticed a deep elf blademaster
 35707 | Elf:2    | Killed a deep elf blademaster
 36379 | Elf:3    | Entered Level 3 of the Elven Halls
 37066 | Elf:3    | Reached skill level 21 in Earth Magic
 37077 | Elf:3    | Identified the ring of the Townfolk {rPois rC+ MR+ Int-2
                  | Stlth+}
 37165 | Elf:3    | Noticed a deep elf master archer
 37176 | Elf:3    | Killed a deep elf master archer
 37214 | Elf:3    | Identified the amulet "Buqugre" {Regen+ MP+9}
 37225 | Elf:3    | Reached XP level 17. HP: 111/111 MP: 27/41
 37629 | Elf:3    | Identified the cursed +0 buckler of Happy Babbling {rElec
                  | rC- Dex+4}
 37629 | Elf:3    | Identified the amulet of the Briny Deep {RegenMP rElec rF+}
 37722 | Elf:3    | Reached skill level 15 in Spellcasting
 37739 | Elf:3    | Noticed a deep elf blademaster
 37908 | Elf:3    | Killed a deep elf blademaster
 38022 | Elf:3    | Noticed a deep elf blademaster
 38029 | Elf:3    | Killed a deep elf blademaster
 38138 | Elf:3    | Identified the Papyrus of the Snowflakes
 38768 | Swamp:1  | Entered Level 1 of the Swamp
 38906 | Swamp:1  | Reached skill level 22 in Earth Magic
 39161 | Swamp:1  | Reached skill level 1 in Translocations
 39308 | Swamp:1  | Found a transporter.
 39381 | Swamp:1  | Found a transporter.
 39467 | Swamp:1  | Got a spiked hat
 39470 | Swamp:1  | Got a steaming iron ring
 39472 | Swamp:1  | Got a smoking great mace
 39485 | Swamp:1  | Identified the +1 hat of the Fiend {Int+2} (You found it on
                  | level 1 of the Swamp)
 39496 | Swamp:1  | Identified the +5 great mace of Watchfulness {pain, +Blink
                  | +Rage rPois Int+7} (You found it on level 1 of the Swamp)
 39497 | Swamp:1  | Identified the ring "Atoteust" {*Drain rF+++ MR- Dex+6
                  | Stlth+} (You found it on level 1 of the Swamp)
 40933 | Swamp:2  | Got a twisted chain mail
 41483 | Swamp:2  | Got a distressingly furry helmet
 41495 | Swamp:2  | Identified the +2 helmet "Dahy" {rF+ MR++ Dex-4} (You found
                  | it on level 2 of the Swamp)
 41810 | Swamp:3  | Noticed Nikola
 41829 | Swamp:3  | Killed Nikola
 42163 | Swamp:3  | Reached XP level 18. HP: 114/117 MP: 25/43
 42362 | Swamp:3  | Noticed a tentacled monstrosity
 42366 | Swamp:3  | Killed a tentacled monstrosity
 42607 | Swamp:3  | Identified the +2 chain mail of Kain {rF- rC++ Str+6} (You
                  | found it on level 2 of the Swamp)
 43048 | Swamp:4  | Entered Level 4 of the Swamp
 44494 | Swamp:4  | Got a decaying rune of Zot
 44790 | Swamp:4  | Reached skill level 5 in Translocations
 45302 | Spider:1 | Entered Level 1 of the Spider Nest
 45425 | Spider:1 | Noticed Louise
 45426 | Spider:1 | Noticed Frances
 45632 | Spider:1 | Killed Louise
 45632 | Spider:1 | Killed Frances
 45749 | Spider:1 | Reached XP level 19. HP: 123/123 MP: 45/45
 46287 | Spider:2 | Reached skill level 23 in Earth Magic
 46932 | Spider:3 | Noticed Aizul
 46939 | Spider:3 | Killed Aizul
 48110 | Spider:3 | Got a brightly glowing leather armour
 48111 | Spider:3 | Identified the +1 leather armour of the Devil {+Blink rF+
                  | Dex+4} (You found it on level 3 of the Spider Nest)
 48149 | Spider:4 | Entered Level 4 of the Spider Nest
 49106 | Spider:4 | Reached XP level 20. HP: 106/129 MP: 40/46
 49507 | Spider:4 | Got a gossamer rune of Zot
 49965 | Vaults:1 | Entered Level 1 of the Vaults
 51492 | Vaults:1 | Got a transparent great sword
 51498 | Vaults:1 | Identified the +5 great sword "Hydu" {vorpal, rPois rN+
                  | MR-} (You found it on level 1 of the Vaults)
 52743 | Vaults:2 | Reached skill level 24 in Earth Magic
 53391 | Vaults:2 | Found a staircase to the Crypt.
 53890 | Vaults:3 | Reached skill level 10 in Translocations
 54008 | Vaults:3 | Noticed Frederick
 54016 | Vaults:3 | Killed Frederick
 54399 | Vaults:3 | Reached XP level 21. HP: 135/135 MP: 37/48
 56219 | Vaults:4 | Learned a level 2 spell: Sublimation of Blood
 56222 | Vaults:4 | Learned a level 2 spell: Shroud of Golubria
 56424 | Vaults:4 | Reached skill level 1 in Fighting
 57290 | Vaults:4 | Reached XP level 22. HP: 142/157 MP: 23/50
 57825 | Vaults:5 | Entered Level 5 of the Vaults
 57826 | Vaults:5 | Reached skill level 5 in Fighting
 57832 | Vaults:5 | Reached skill level 15 in Translocations
 58234 | Vaults:5 | Identified the ring "Jougurad" {rElec rF+++ Int+3 Dex-2
                  | Stlth-}
 59897 | Vaults:5 | Acquired the +1 cloak of Pandemonium {Harm rN+ Int+4}
 59919 | Vaults:5 | Got a faintly humming chain mail
 59920 | Vaults:5 | Identified the +7 chain mail of Hepliaklqana {+Fly Dex+3}
                  | (You found it on level 5 of the Vaults)
 60057 | Vaults:5 | Found Ysics's Antique Weapon Boutique.
 60062 | Vaults:5 | Identified Begi's Compendium of Companions and Ice
 60185 | Vaults:5 | Reached XP level 23. HP: 179/179 MP: 34/52
 60516 | Vaults:5 | Got a silver rune of Zot
 60607 | Vaults:5 | Identified the Handbook of the Icy Rocks
 60670 | Vaults:5 | Noticed Boris
 60672 | Vaults:5 | Killed Boris
 61050 | Depths:1 | Entered Level 1 of the Depths
 61073 | Depths:1 | Noticed Asterion
 61077 | Depths:1 | Killed Asterion
 61480 | Depths:1 | Reached skill level 10 in Fighting
 61608 | Depths:1 | Identified the ring "Adacs" {*Drain rF+ Int+2 Dex+6 Stlth+}
 62092 | Depths:1 | Found Gyewaoq's Gadget Shop.
 62187 | Depths:1 | Identified the Handbook of Dusty Flight
 62585 | Depths:1 | Found a gateway to Hell.
 62635 | Depths:1 | Found Ihadil's Assorted Antiques.
 62636 | Depths:1 | Found Vati's Assorted Antiques.
 62636 | Depths:1 | Found Ysisueke's Jewellery Boutique.
 62638 | Depths:1 | Found Wauxiupp's Food Shop.
 62641 | Depths:1 | Bought a potion of curing for 93 gold pieces
 62641 | Depths:1 | Bought a scroll of summoning for 294 gold pieces
 62641 | Depths:1 | Bought a potion of curing for 93 gold pieces
 62641 | Depths:1 | Bought a scroll of enchant armour for 232 gold pieces
 62641 | Depths:1 | Bought a pitted chain mail for 294 gold pieces
 62641 | Depths:1 | Bought a scroll labeled GIOXU NUUDASE for 31 gold pieces
 62674 | Depths:1 | Bought a scroll of identify for 82 gold pieces
 62674 | Depths:1 | Bought a scroll of identify for 82 gold pieces
 62674 | Depths:1 | Bought a scroll of enchant armour for 307 gold pieces
 62674 | Depths:1 | Bought a potion of mutation for 328 gold pieces
 62674 | Depths:1 | Bought a scroll of acquirement for 2132 gold pieces
 62674 | Depths:1 | Bought a potion of invisibility for 328 gold pieces
 62679 | Depths:1 | Acquired a book of the Earth
 62691 | Depths:1 | Learned a level 6 spell: Iron Shot
 62795 | Hell     | Entered the Vestibule of Hell
 62795 | Hell     | Noticed Geryon
 62893 | Hell     | Killed Geryon
 63183 | D:11     | You paid a toll of the horn of Geryon to enter a treasure
                  | trove
 63184 | Trove    | Entered a treasure trove
 63191 | Trove    | Got a crude dagger
 63193 | Trove    | Got a slimy quarterstaff
 63194 | Trove    | Identified the +5 dagger "Loacoul" {vorpal, +Fly rN++ Int-5
                  | Dex+2} (You found it in a treasure trove)
 63195 | Trove    | Identified the +5 quarterstaff of Dury {vorpal, rElec rPois
                  | Stlth+} (You found it in a treasure trove)
 63203 | Trove    | Got an ebony demon whip
 63204 | Trove    | Identified the +8 demon whip of the Trees {flame, +Inv MR-
                  | Str+2} (You found it in a treasure trove)
 63386 | Depths:2 | Reached skill level 10 in Shields
 63389 | Depths:2 | Found a gateway to a ziggurat.
 63531 | Depths:2 | Found a magical portal.
 63539 | WizLab   | Entered The Hall of the Hellbinder
 63797 | WizLab   | Gained mutation: Your spells are a little easier to cast,
                  | but a little less powerful. [a neqoxec]
 64255 | WizLab   | Identified the Catalogue of Companions
 64315 | WizLab   | Found a burning altar of Makhleb.
 64318 | WizLab   | Identified the ring "Cerag" {Fire Int+4 Dex+4}
 64351 | WizLab   | Got a translucent amber ring
 64357 | WizLab   | Identified the ring "Faumujef" {rF- rN+++ Str-3 Dex+6 SInv}
                  | (You found it in a wizard's laboratory)
 64519 | Depths:2 | Reached XP level 24. HP: 193/193 MP: 34/53
 65106 | Depths:2 | Got a flickering amber ring
 65107 | Depths:2 | Identified the ring "Taoppi" {rN+ Str+7 Dex+6} (You found
                  | it on level 2 of the Depths)
 65157 | Depths:2 | Noticed Jory
 65162 | Depths:2 | Killed Jory
 65935 | Depths:2 | Learned a level 1 spell: Apportation
 66226 | Depths:3 | Noticed Mennas
 66228 | Depths:3 | Killed Mennas
 66270 | Depths:3 | Found a one-way gate to the infinite horrors of the Abyss.
 66572 | Depths:3 | Found a one-way gate leading to the halls of Pandemonium.
 66802 | Depths:3 | Identified the ring "Reypayng" {*Slow rF+ Str+4 Stlth-}
 66957 | Depths:3 | Identified the Reference Book on Talismans
 68273 | Depths:4 | Identified the +1 robe "Jaummiq" {rF+ Regen+}
 68593 | Depths:4 | Identified the ring "Biododo" {+Inv rPois rN+}
 69128 | Depths:5 | Entered Level 5 of the Depths
 69240 | Depths:5 | Identified the +11 long sword of Gozag's Benevolence {pain,
                  | Dex+8}
 69241 | Depths:5 | Found the amulet of the Air {Inacc +Fly rElec EV+5 RMsl}
 69241 | Depths:5 | Killed from afar by a Brimstone Fiend

Illustrated notes

Levels and vault maps discovered:
D:1:      minmay_arrival_plants_in_alcoves, layout_loops_ring,
          minmay_tetromino_l4
D:2:      wad_pebble_path, layout_basic, lemuel_crystal_altar, first_ration
D:3:      layout_rooms, nicolae_overflow_hidden_temple
D:4:      layout_rooms, nrook_uturn
D:5:      layout_cave_pods, lemuel_round_altar, nicolae_overflow_crystal_walls,
          minmay_manual_moon
D:6:      layout_gridville, gammafunk_temple_overflow_wave, uniq_menkaure
D:7:      minmay_inner_zag, layout_basic, vehumet_statue,
          minmay_temple_entry_gardened_gates, gammafunk_ghost_arena,
          uniq_prince_ribbit1
D:8:      layout_loops_ring, grunt_temple_overflow_holy_war, minitemple,
          gammafunk_ghost_grave, serial_shops, shop, uniq_psyche
D:9:      layout_basic, overflow_temple_1_default, marbit_many_paths,
          orc_0_dummy, minivault_15, uniq_maggie
D:10:     layout_loops_cross, serial_undead, serial_undead_f, serial_undead_b,
          serial_undead_f, serial_undead_e, serial_undead_c, serial_undead_a,
          serial_undead_f, uniq_urug
D:11:     layout_cave_pools, lair_entry_dummy, trove_entry_hex_spiral
D:12:     layout_loops_ring
D:13:     layout_stronghold, portal_ice_cave_entry_pillars_1
D:14:     layout_loops_ring, david_vaults_3, basic_altar, patterned_corridor,
          serial_shops, nicolae_shop_crystal, shop, kennysheep_little_box, shop,
          uniq_kirke
D:15:     hangedman_depths_entry_try_elsewhere_first, layout_loops_ring,
          minivault_14
Lair:1:   wad_woods_minihive, layout_long_grid, chequers_serial_rivers_room_b,
          grunt_forest_small_clearing_treed
Lair:2:   layout_roguey, palyth_hydra_swamp_entry, uniq_sonja
Lair:3:   layout_loops_ring, nicolae_spider_entry_non_spiders,
          serial_bayou_shore_a, grunt_megastairs_1, infiniplex_staircase_pool_2
Lair:4:   layout_cave_pods, nicolae_volcano_entry_lava_flow
Lair:5:   layout_cave_shapes, slime_dummy, serial_bayou, serial_bayou_pond_b,
          serial_bayou_pond_b, serial_bayou_lake_a, serial_bayou_pond_b,
          serial_bayou_pond_b
Lair:6:   wormcave, layout_long_grid, hangedman_lair_in_review,
          gammafunk_ghost_necromancy, chequers_serial_rivers_small_3
Swamp:1:  gammafunk_worm_tunnel, layout_basic_swamp, evilmike_swamp_ruin_house_3
Swamp:2:  layout_basic_swamp, evilmike_swamp_ruin_house_6,
          infiniplex_staircase_pool
Swamp:3:  layout_falls_marsh, evilmike_swamp_ruin_house_5, uniq_nikola
Swamp:4:  swamp_basic_johnstein, layout_basic_swamp
Spider:1: layout_spider_delve, uniq_frances, uniq_louise
Spider:2: layout_spider_delve
Spider:3: layout_spider_delve, uniq_aizul
Spider:4: guppyfry_spider_rune
Orc:1:    layout_diamond_mine
Orc:2:    st_orc_open, layout_caves, nicolae_orc_stony_grotto,
          chequers_guarded_unrand_ignorance
Elf:1:    eino_elf_arrival_sip, layout_loops_cross, evilmike_minifort,
          uniq_donald
Elf:2:    layout_gridlike, basic_altar, grunt_ministairs_14, guppyfry_elf_garden
Elf:3:    nooodl_elf_gasket, layout_geoelf_octagon
Vaults:1: hangedman_vaults_unwind, hangedman_vaults_stream, v_pattern_2,
          vaults_mumra_lcd, hangedman_vaults_nails,
          nicolae_vaults_hallways_thing, serial_ice_h, vaults_dpeg_diagonal,
          layout_vaults_omnicross
Vaults:2: grunt_vaults_hallway_long, vaults_room_pools, ontoclasm_vaults_twist,
          vaults_room_fancy_cross, blue_anna_dwarven_crypt,
          nicolae_vaults_yaktaur_gun_rack, grunt_vaults_focal, v_rooms_3,
          nicolae_vaults_network_square, vaults_mumra_chevron,
          vaults_room_glass_cross, vaults_room_door_hall, vaults_room_pools,
          vaults_room_pool, layout_vaults_ring
Vaults:3: v_misc_11, ontoclasm_vaults_pinch, st_cross,
          nicolae_vaults_twisting_passages, vaults_room_door_ring,
          vaults_room_pool, layout_vaults_quadrants, uniq_frederick
Vaults:4: ontoclasm_vaults_decontamination, st_quartered_hall,
          dpeg_vaults_monster_row, hangedman_vaults_stagger, v_rooms_4,
          vaults_standard_mumra_enter_the_diamond, hangedman_vaults_impose,
          hangedman_vaults_maws, nicolae_vaults_little_squares_2, v_rooms_5,
          ontoclasm_vaults_idyll, layout_vaults_maze_snakey
Vaults:5: serial_shops, uniq_boris
Depths:1: layout_cross, serial_shops, shop, hangedman_decor_diamond_cutter,
          pf_coc_iceberg, minmay_swirly_circle, minmay_shoptagon, uniq_asterion
Depths:2: due_jory_tower, layout_cave_pools, enter_ziggurat_a,
          pf_vacation_house_of_asmodeus, serial_bayou, serial_bayou_lagoon_b,
          serial_bayou_pond_e, serial_bayou_pond_b, serial_bayou_ford_a,
          infiniplex_enter_wizlab_spiral
Depths:3: minmay_shrinking_squares, layout_gridlike, rand_demon_pan_entry_1,
          serial_sigils_hangedman_clutch, abyss_entry, hell_entry,
          infiniplex_staircase_zigzag_2, uniq_mennas, uniq_jory
Depths:4: grunt_x_marks_the_spot, layout_long_grid, rand_demon_pan_entry_7,
          abyss_entry_small_statue_room, hangedman_abyss_or_decor_clamps,
          pf_hell_entry_tar_river
Depths:5: evilmike_zot_entry_basic, layout_basic, hellmouth_3,
          grunt_decor_one_mirror, minmay_fire_ice_demons, uniq_saint_roka
Hell

Skill      XL: |  1  2  3  4  5  6  7  8  9 10 11 12 13 14 15 16 17 18 19 20 21 22 23 24 |
---------------+-------------------------------------------------------------------------+-----
Earth Magic    | 3 4 5 6 7 8 10 11 13 14 16 18 19 21 22 23 24 | 24.0
Spellcasting   | 2 3 4 5 6 7 8 10 11 12 13 14 15 16 17 18 19 20 | 20.2
Dodging        | 3 5 7 9 11 12 | 12.0
Shields        | 1 3 4 5 10 14 | 14.2
Translocations | 3 6 7 10 14 16 | 16.3
Fighting       | 4 9 11 13 | 13.1
Stealth        | |  1.7
Transmutations | |  0.8

Action                   |  1- 3 |  4- 6 |  7- 9 | 10-12 | 13-15 | 16-18 | 19-21 | 22-24 || total
-------------------------+-------+-------+-------+-------+-------+-------+-------+-------++-------
Melee: Unarmed           |    13 |       |       |       |       |       |       |       ||    13
       Short sword       |    48 |     1 |       |       |       |       |       |       ||    49
       Dagger            |       |    74 |   152 |   330 |       |       |       |       ||   556
       Staff             |       |       |       |     8 |   235 |     7 |    46 |    12 ||   308
Throw: Stone             |       |       |       |       |     1 |     1 |     2 |     2 ||     6
 Cast: Sandblast         |    39 |    41 |    95 |   120 |   154 |    57 |    86 |    17 ||   609
       Stone Arrow       |       |       |    17 |   106 |   462 |   344 |    82 |    38 ||  1049
       Lee's Rapid Decon |       |       |    12 |   103 |   252 |   232 |   278 |   172 ||  1049
       Petrify           |       |       |       |     2 |    14 |    18 |     9 |    23 ||    66
       Blink             |       |       |       |     1 |    14 |    39 |     4 |     5 ||    63
       Shatter           |       |       |       |       |       |    23 |    70 |    87 ||   180
       Shroud of Golubri |       |       |       |       |       |       |       |    13 ||    13
       Iron Shot         |       |       |       |       |       |       |       |    99 ||    99
       Sublimation of Bl |       |       |       |       |       |       |       |     2 ||     2
       Controlled Blink  |       |       |       |       |       |       |       |     1 ||     1
Evoke: Wand              |       |     1 |     6 |    19 |    10 |    14 |     9 |       ||    59
       Lightning rod     |       |       |       |     8 |    10 |     1 |     4 |       ||    23
       Tin of tremorston |       |       |       |       |     1 |       |       |       ||     1
       Box of beasts     |       |       |       |       |       |     1 |       |     1 ||     2
  Use: Scroll            |       |     1 |    14 |     8 |    16 |    24 |     8 |    22 ||    93
       Potion            |       |     5 |       |     2 |     2 |     3 |       |    10 ||    22
 Stab: Sleeping          |     2 |     3 |     1 |       |     5 |       |     1 |       ||    12
       Paralysed         |       |       |       |     3 |       |       |       |       ||     3
       Distracted        |       |       |       |       |       |       |     1 |       ||     1
  Eat: Chunk             |     5 |     6 |    16 |    27 |    43 |    24 |    38 |    10 ||   169
       Ration            |       |       |       |     5 |     7 |     8 |     4 |    10 ||    34
Armor: Robe              |    12 |    15 |    41 |    31 |       |       |     3 |    28 ||   130
       Skin              |       |    33 |       |       |       |       |       |       ||    33
       Swamp dragon scal |       |       |       |    85 |    41 |    81 |    74 |       ||   281
       Troll leather arm |       |       |       |       |    45 |     6 |    10 |       ||    61
Dodge: Dodged            |    59 |    71 |   133 |   397 |   598 |   284 |   243 |   128 ||  1913
       Repelled          |       |       |       |       |       |    26 |    15 |    11 ||    52
Block: Buckler           |       |       |    19 |   150 |   176 |    94 |    98 |    37 ||   574
       Kite shield       |       |       |       |       |       |       |       |    46 ||    46
